 Dungeon Crawl Stone Soup version 0.31-a0-187-gba352fbbf7 (webtiles) character file.

Game seed: 10893440797913009696

45 Gorgondantess the Gusty (level 3, 0/19 HPs)
             Began as a Tengu Air Elementalist on June 22, 2023.
             Was a Follower of Ashenzari.
             Slain by a gnoll
             ... wielding a +0 club
              (4 damage)
             ... on level 3 of the Dungeon.
             The game lasted 00:03:14 (1882 turns).

Gorgondantess the Gusty (Tengu Air Elementalist)    Turns: 1882, Time: 00:03:15

Health: 0/19       AC:  2    Str:  8    XL:     3   Next: 64%
Magic:  1/7        EV: 12    Int: 17    God:    Ashenzari [*.....]
Gold:   71         SH:  0    Dex: 14    Spells: 1/7 levels left

rFire   . . .        f - +0 quarterstaff of the Chained Sky {Fort, Evo} (curse)
rCold   . . .        (shield currently unavailable)
rNeg    . . .        a - +0 robe
rPois   .            (helmet restricted)
rElec   .            (no cloak)
rCorr   +            (no gloves)
SInv    .            (boots unavailable)
Will    .....        (no amulet)
Stlth   ++           n - ring of resist corrosion
HPRegen 0.23/turn    (no ring)
MPRegen 0.10/turn

%: no passive effects
@: no status effects
A: beak, talons 3
a: Renounce Religion, Shatter the Chains


You were on level 3 of the Dungeon.
You worshipped Ashenzari.
Ashenzari was aware of your devotion.
You visited 1 branch of the dungeon, and saw 3 of its levels.

You collected 71 gold pieces.

Inventory:

Hand Weapons
 f - the cursed +0 quarterstaff of the Chained Sky (weapon) {Fort, Evo}
   (You found it on level 1 of the Dungeon)

   It has a curse which improves the following skills: Fortitude: Armour and
   Shields.
   Evocations: Evocations.
 k - a +0 rapier
 p - a +1 dagger of speed
Missiles
 g - 4 poisoned darts
Armour
 a - a +0 robe (worn)
Jewellery
 n - a ring of resist corrosion (left hand)
Scrolls
 c - 3 scrolls of identify
 h - a scroll of vulnerability
 i - 2 scrolls of immolation
 m - a scroll of enchant weapon
 o - 2 scrolls of poison
 r - a scroll of fear
Potions
 b - a potion of magic
 d - 2 potions of brilliance
 e - a potion of heal wounds
 j - 2 potions of mutation
 l - a potion of degeneration
 q - a potion of enlightenment


   Skills:
 + Level 0.8 Staves
 - Level 2.1 Dodging
 - Level 2.0 Stealth
 + Level 2.5 Spellcasting
 + Level 2.5 Conjurations
 * Level 1.0 Summonings
 + Level 4.6 Air Magic


You had one spell level left.
You knew the following spells:

 Your Spells              Type           Power      Damage    Failure   Level
a - Shock                 Conj/Air       56%        1d6       4%          1
b - Static Discharge      Conj/Air       28%        2-4/arc   6%          2
c - Call Canine Familiar  Summ           5%         N/A       36%         3

Your spell library contained the following spells:

 Spells                   Type           Power      Damage    Failure   Level
 Summon Small Mammal      Summ           20%        N/A       12%         1
 Sting                    Tmut/Pois      8%         1d3       19%         1
 Swiftness                Air            17%        N/A       9%          3
 Poisonous Vapours        Pois/Air       18%        N/A       11%         2
 Airstrike                Air            8%         2d(2-18)  28%         4
 Summon Guardian Golem    Hex/Summ       3%         N/A       41%         3
 Olgreb's Toxic Radiance  Pois           2%         N/A       88%         4
 Orb of Destruction       Conj           5%         9d5       100%        7
 Spellforged Servitor     Conj/Summ      4%         N/A       100%        7


Dungeon Overview and Level Annotations

Branches:
Dungeon (3/15)

Altars:
Ashenzari
Okawaru


Innate Abilities, Weirdness & Mutations

You have a beak for a mouth.
You have claws for feet.


Message History

You now have 71 gold pieces (gained 2).
o - 2 scrolls of poison (gained 1)
Found a +0 long sword.
Found a stone staircase leading up.
Done exploring.
There is a stone staircase leading down here.
You climb downwards.
The gnoll shouts!
Found 4 stones.
There is a stone staircase leading up here.
The zap hits the gnoll.
The gnoll is lightly wounded.
The gnoll shouts! x2
The zap hits the gnoll.
The gnoll is lightly wounded.
A gnoll comes into view. It is wielding a +0 club.
Casting: Shock (safe; 4% risk of failure)
Confirm with . or Enter, or press ? or * to list all spells.
The gnoll is struck by an arc of lightning.
The gnoll is heavily wounded.
You are struck by an arc of lightning.
The gnoll is struck by an arc of lightning.
The gnoll is severely wounded.
The lightning grounds out.
The gnoll shouts!
The gnoll hits you with a +0 club.
Casting: Static Discharge (safe; 6% risk of failure)
Confirm with . or Enter, or press ? or * to list all spells.
The gnoll is struck by an arc of lightning.
The gnoll is almost dead.
You are struck by an arc of lightning.
The gnoll is struck by an arc of lightning.
The gnoll is almost dead.
The lightning grounds out.
The gnoll hits you with a +0 club!
* * * LOW HITPOINT WARNING * * *
Casting: Static Discharge (safe; 6% risk of failure)
Confirm with . or Enter, or press ? or * to list all spells.
Okay, then.
The gnoll hits you with a +0 club.
You die...

###########
#.g..g.@..#
....g.g........
###(.........##
#.....#.#.##
#..###...# #
#... #.#.# ..#
..# # #. ###


You could see 4 gnolls.

Vanquished Creatures
  An adder (D:2)
  3 ball pythons (D:1)
  4 endoplasms
  5 goblins
  4 hobgoblins
  4 kobolds (D:1)
  3 quokkas
  A bat (D:1)
  2 frilled lizards (D:1)
  4 rats
31 creatures vanquished.

Notes
Turn   | Place    | Note
-------+----------+-------------------------------------------
     0 | D:1      | Gorgondantess the Tengu Air Elementalist began the quest
                  | for the Orb.
     0 | D:1      | Reached XP level 1. HP: 10/10 MP: 4/4
   280 | D:1      | Reached XP level 2. HP: 13/15 MP: 1/6
   287 | D:1      | Learned a level 2 spell: Static Discharge
   756 | D:1      | Reached XP level 3. HP: 15/19 MP: 7/7
   981 | D:2      | Learned a level 3 spell: Call Canine Familiar
  1051 | D:2      | Found an iron altar of Okawaru.
  1085 | D:2      | Found a faded altar of an unknown god.
  1093 | D:2      | Prayed at the altar of an unknown god.
  1093 | D:2      | Became a worshipper of Ashenzari the Shackled
  1108 | D:2      | Reached * piety under Ashenzari
  1517 | D:2      | Reached skill level 1 in Summonings
  1882 | D:3      | Slain by a gnoll

Illustrated notes

Levels and vault maps discovered:
D:1:      nzn_arrival_crosshair, layout_loops_ring
D:2:      layout_basic, ebering_ecumenical_altar_webs, basic_altar,
          mrwooster_statue_mirror
D:3:      layout_loops_ring, kennysheep_generic_room_6, uniq_sigmund,
          uniq_terence

Skill      XL: |  1  2  3 |
---------------+----------+-----
Conjurations   | 2 |  2.5
Summonings     | 1 |  1.0
Staves         | |  0.8
Dodging        | |  2.1
Stealth        | |  2.0
Spellcasting   | |  2.5
Air Magic      | |  4.6

Action                     || total
---------------------------++-------
  Melee: Quarterstaff      ||    11
         Kick              ||     4
         Unarmed           ||     2
   Cast: Shock             ||    47
         Static Discharge  ||     4
 Invoke: Curse Item        ||     1
   Stab: Sleeping          ||     1
 Armour: Robe              ||     1
  Dodge: Dodged            ||     6

Table legend: (Time is in decaauts)
 A = Elapsed time spent in this place.
 B = Non-inter-level travel time spent in this place.
 C = Inter-level travel time spent in this place.
 D = Time resting spent in this place.
 E = Time spent auto-exploring this place.
 F = Levels seen in this place.
 G = Mean time per level.
                   A        B        C        D        E       F      G
               +--------+--------+--------+--------+--------+-----+--------+
         Total |   1883 |   1851 |     32 |      0 |   1662 |   3 |  627.7 |
       Dungeon |   1883 |   1851 |     32 |      0 |   1662 |   3 |  627.7 |
               +--------+--------+--------+--------+--------+-----+--------+

Top non-repeatable levels by time:
     D:1: 954 daAuts
     D:2: 924 daAuts
     D:3: 4 daAuts
